 Dungeon Crawl Stone Soup version 0.32-a0-779-g362cfcae2a (webtiles) character file.

Game seed: 6208079415194879086

359 zenocrate the Fighter (level 6, 0/57 HPs)
             Began as an Octopode Earth Elementalist on Mar 19, 2024.
             Killed from afar by an orc wizard (6 damage)
             ... with a puff of flame
             ... on level 3 of the Dungeon.
             The game lasted 00:02:56 (1828 turns).

zenocrate the Fighter (Octopode Earth Elementalist) Turns: 1828, Time: 00:02:56

Health: 0/57       AC:  1    Str:  8    XL:     6   Next: 65%
Magic:  9/9        EV: 13    Int: 17    God:
Gold:   22         SH:  0    Dex: 14    Spells: 5/9 levels left

rFire   . .          .
                       - Unarmed
rCold   . . .        (no shield)
rNeg    . . .        (helmet restricted)
rPois   .            (no amulet)
rElec   .            (no ring)
rCorr   .            (no ring)
SInv    .            (no ring)
Will    .....        (no ring)
Stlth   +++          (no ring)
HPRegen 0.29/turn    (no ring)
MPRegen 0.11/turn    (no ring)
                     (no ring)

%: no passive effects
@: attractive, very slightly contaminated
A: almost no armour, amphibious, 8 rings, camouflage 1, gelatinous body 1,
(nimble swimmer 1), tentacles
a: no special abilities


You were on level 3 of the Dungeon.
You visited 1 branch of the dungeon, and saw 3 of its levels.

You collected 74 gold pieces.
You spent 52 gold pieces at shops.

Inventory:

Magical Staves
 b - a staff of conjuration
 h - a staff of death
Wands
 r - a wand of roots (1)
Scrolls
 c - a scroll of amnesia {unknown}
 g - a scroll of fog {unknown}
 i - a scroll of torment {unknown}
 j - a scroll of noise {unknown}
 k - a scroll of enchant weapon {unknown}
 l - a scroll of acquirement {unknown}
 m - a scroll of enchant armour {unknown}
 n - a scroll of teleportation {unknown}
 o - a scroll of silence {unknown}
Potions
 d - a potion of enlightenment {unknown}
 e - a potion of cancellation {unknown}
 f - a potion of magic
 p - a potion of heal wounds {unknown}
 q - a potion of attraction


   Skills:
 - Level 11.8 Fighting
 + Level 3.3 Dodging
 - Level 2.6 Stealth
 + Level 3.8 Unarmed Combat
 - Level 2.0 Spellcasting
 - Level 2.1 Conjurations
 - Level 3.0 Earth Magic


You had 5 spell levels left.
You knew the following spells:

 Your Spells              Type           Power      Damage    Failure   Level
a - Sandblast             Erth           22%        2d7       5%          1
b - Stone Arrow           Conj/Erth      20%        3d8       21%         3

Your spell library contained the following spells:

 Spells                   Type           Power      Damage    Failure   Level
 Passwall                 Erth           11%        N/A       17%         3
 Brom's Barrelling Bould  Conj/Erth      10%        2d3       56%         4
 Petrify                  Alch/Erth      6%         N/A       71%         4


Dungeon Overview and Level Annotations

Branches:
Dungeon (3/15)

Altars:

Shops:
D:1 *


Innate Abilities, Weirdness & Mutations

You cannot wear most types of armour.
You are amphibious.
You can wear up to eight rings at the same time.
Your skin changes colour to match your surroundings (Stealth+).
Your rubbery body absorbs attacks. (AC +1, EV +1)
((You are camouflaged when in or above water. (Stealth+)))
You have tentacles for arms and can constrict up to eight enemies at once.


Message History

Casting: Sandblast (safe; 5% risk of failure)
Confirm with . or Enter, or press ? or * to list all spells.
Aiming: Stone Arrow (quite dangerous; 21% risk of failure)
Press: ? - help, Shift-Dir - straight line, f/p - orc
Aim: an orc, wielding a +0 hand axe (translocational energy, 68% to hit)
The stone arrow hits the orc!
You kill the orc!
Something hits you.
* * * LOW HITPOINT WARNING * * *
Unknown command.
Casting: Stone Arrow (quite dangerous; 21% risk of failure)
Confirm with . or Enter, or press ? or * to list all spells.
You can't see any susceptible monsters within range! (Use Z to cast anyway.)
There is a strange disturbance nearby!
Unknown command.
Casting: Stone Arrow (quite dangerous; 21% risk of failure)
Confirm with . or Enter, or press ? or * to list all spells.
Aiming: Stone Arrow (quite dangerous; 21% risk of failure)
Press: ? - help, Shift-Dir - straight line You miscast Stone Arrow.
You are very lightly contaminated with residual magic.
Nothing appears to happen.
Something hits you.
* * * LOW HITPOINT WARNING * * *
Unknown command.
Unknown command.
It was a potion of experience.
You feel more experienced!
Your Fighting skill gained 11 levels and is now at level 11!
You have reached level 6!
Something hits you.
* * * LOW HITPOINT WARNING * * *
Okay, then.
Casting: Stone Arrow (dangerous; 21% risk of failure)
Confirm with . or Enter, or press ? or * to list all spells.
Okay, then.
Magic courses through your body.
You hear some strange, mumbled words.
A puff of flame appears from out of thin air!
The puff of flame hits you.
You die...

######.#.# # .....#.#.#
###+## ####.#.#.# #....#
.).......# #....#
.###.#.### #....#
.#...#.#####...o#
.###.#.....#....#
...#.#.....###'#########
.#.#.#.....##.){@......=
..)..#.....##..#########
...###......#........#
...########.#.##.....#
.....# #....'.....#
..##.# #....#.....#
#.##.######....#.....#
#....#....'....#.......
######.####....#.....##.


There were no monsters in sight!

Vanquished Creatures
  An orc priest (D:3)
  Natasha (twice) (D:2)
  5 adders (D:2)
  2 ribbon worms
  4 orcs (D:3)
  10 bats
  An endoplasm (D:2)
  A giant cockroach (D:2)
  5 goblins
  2 hobgoblins
  5 quokkas
  2 ball pythons (D:1)
  11 frilled lizards
  3 kobolds
  5 rats
59 creatures vanquished.

Notes
Turn   | Place    | Note
-------+----------+-------------------------------------------
     0 | D:1      | zenocrate the Octopode Earth Elementalist began the quest
                  | for the Orb.
     0 | D:1      | Reached XP level 1. HP: 11/11 MP: 3/3
    29 | D:1      | Reached skill level 1 in Unarmed Combat
    69 | D:1      | Found Cihain's Assorted Antiques.
    86 | D:1      | Reached XP level 2. HP: 12/17 MP: 5/5
   372 | D:1      | You fall into a shaft and drop 1 floor!
   492 | D:2      | Reached XP level 3. HP: 9/21 MP: 3/6
   932 | D:1      | Reached XP level 4. HP: 27/27 MP: 7/7
  1142 | D:2      | Noticed Natasha
  1178 | D:2      | Killed Natasha
  1183 | D:2      | Learned a level 3 spell: Stone Arrow
  1378 | D:2      | Reached XP level 5. HP: 29/31 MP: 4/8
  1512 | D:2      | Noticed Natasha
  1520 | D:2      | Killed Natasha
  1566 | D:1      | Bought a scroll labelled KIOWOHUAZU for 26 gold pieces
  1566 | D:1      | Bought a scroll labelled IPO VALUVIOR for 26 gold pieces
  1827 | D:3      | Reached skill level 11 in Fighting
  1827 | D:3      | Reached XP level 6. HP: 6/57 MP: 1/9
  1828 | D:3      | Killed from afar by an orc wizard

Illustrated notes

Levels and vault maps discovered:
D:1:      dpeg_arrival_rooms_c, layout_basic, serial_shops, shop,
          minmay_misc_feat_room, minmay_misc_feat_cross, minmay_lizard_pond
D:2:      layout_rooms, uniq_natasha
D:3:      layout_basic, nicolae_ecumenical_pavilion, st_stairs_12, uniq_terence

Skill      XL: |  1  2  3  4  5 |
---------------+----------------+-----
Unarmed Combat | 1 2 3 |  3.8
Conjurations   | 2 |  2.1
Dodging        | 3 |  3.3
Fighting       | 11 | 11.8
Stealth        | |  2.6
Spellcasting   | |  2.0
Earth Magic    | |  3.0

Action                     |  1- 3 |  4- 6 || total
---------------------------+-------+-------++-------
  Melee: Unarmed           |    66 |    33 ||    99
         Constrict         |    20 |    12 ||    32
         Tentacles         |    14 |     9 ||    23
         Punch             |     1 |       ||     1
   Cast: Sandblast         |    16 |    13 ||    29
         Stone Arrow       |       |     1 ||     1
  Evoke: Wand              |       |     1 ||     1
    Use: Potion            |       |     3 ||     3
   Stab: Sleeping          |     6 |     3 ||     9
 Armour: Skin              |    33 |    20 ||    53
  Dodge: Dodged            |    50 |    15 ||    65

Table legend: (Time is in decaauts)
 A = Elapsed time spent in this place.
 B = Non-inter-level travel time spent in this place.
 C = Inter-level travel time spent in this place.
 D = Time resting spent in this place.
 E = Time spent auto-exploring this place.
 F = Levels seen in this place.
 G = Mean time per level.
                   A        B        C        D        E       F      G
               +--------+--------+--------+--------+--------+-----+--------+
         Total |   1847 |   1709 |    138 |     20 |   1282 |   3 |  615.7 |
       Dungeon |   1847 |   1709 |    138 |     20 |   1282 |   3 |  615.7 |
               +--------+--------+--------+--------+--------+-----+--------+

Top non-repeatable levels by time:
     D:1: 840 daAuts
     D:2: 777 daAuts
     D:3: 230 daAuts
